 Dungeon Crawl Stone Soup version 0.28.0-53-g5a82cb258f (webtiles) character file.

Game seed: 15390603293546837609

79 safid the Chopper (level 4, -4/40 HPs)
             Began as a Hill Orc Fighter on Aug 1, 2022.
             Killed from afar by Sigmund (7 damage)
             ... with a magic dart
             ... on level 3 of the Dungeon.
             The game lasted 00:02:21 (1874 turns).

safid the Chopper (Hill Orc Fighter)                Turns: 1874, Time: 00:02:21

Health: -4/40      AC:  8    Str: 20    XL:     4   Next: 37%
Magic:  4/4        EV:  9    Int:  8    God:
Gold:   43         SH:  0    Dex: 10    Spells: 3/3 levels left

rFire   . . .      SeeInvis .   a - +0 war axe
rCold   . . .      Faith    .   c - +0 buckler
rNeg    . . .      Spirit   .   b - +0 scale mail
rPois   .          Reflect  .   k - +0 helmet
rElec   .          Harm     .   (no cloak)
rCorr   .          Rampage  .   (no gloves)
Will    .....                   (no boots)
Stlth   ..........              (no amulet)
HPRegen 0.13/turn               (no ring)
MPRegen 0.09/turn               (no ring)

@: confused
A: no striking features
a: no special abilities


You were on level 3 of the Dungeon.
You visited 1 branch of the dungeon, and saw 3 of its levels.

You collected 43 gold pieces.

Inventory:

Hand Weapons
 a - a +0 war axe (weapon)
Armour
 b - a +0 scale mail (worn)
 c - a +0 buckler (worn)
 k - a +0 helmet (worn)
Wands
 n - a wand of polymorph (4)
Scrolls
 e - 2 scrolls of magic mapping {unknown}
 f - 2 scrolls of noise {unknown}
 g - a scroll of identify {unknown}
 l - a scroll of fog {unknown}
Potions
 d - a potion of might
 h - a potion of flight {unknown}
 i - a potion of curing {unknown}
 j - a potion of lignification {unknown}
 m - a potion of invisibility


   Skills:
 - Level 4.0 Fighting
 + Level 4.2 Axes
 - Level 4.0 Armour
 - Level 4.0 Shields


You had 3 spell levels left.
You didn't know any spells.
Your spell library contained the following spells:

 Spells                   Type           Power      Damage    Failure   Level
 Foxfire                  Conj/Fire      0%         2x1d4     85%         1
 Conjure Flame            Conj/Fire      0%         6-21      99%         3
 Inner Flame              Hex/Fire       0%         N/A       99%         3
 Flame Wave               Conj/Fire      0%         2d4       100%        4
 Fireball                 Conj/Fire      0%         3d3       100%        5
 Iskenderun's Battlesphe  Conj           0%         2d6       100%        5
 Conjure Ball Lightning   Conj/Air       0%         3x3d6     100%        6
 Orb of Destruction       Conj           0%         9d5       100%        7


Dungeon Overview and Level Annotations

Branches:
Dungeon (3/15)

Altars:

Annotations:
D:3 1 runed translucent door, JOEMAMA2's ghost, weakling DESu; Sigmund


Message History

Unknown command.
Unknown command.
Unknown command.
Unknown command.
Unknown command.
Unknown command.
Unknown command.
Unknown command.
Unknown command.
Unknown command.
Unknown command.
Something hits you but does no damage.
The kobold throws a stone.
The stone hits you but does no damage.
Sigmund hits you from afar with a +0 scythe!
* * * LOW HITPOINT WARNING * * *
Unknown command.
The kobold throws a stone.
The stone hits you but does no damage. Something hits you.
* * * LOW HITPOINT WARNING * * *
You hear some strange, mumbled words.
You are more confused.
Sigmund closely misses you.
Unknown command.
You're too confused to move!
Something hits you but does no damage.
Unknown command.
Unknown command.
Sigmund hits you but does no damage.
The kobold throws a stone.
The stone hits you but does no damage.
You're too confused to move!
Something hits you.
* * * LOW HITPOINT WARNING * * *
The kobold throws a stone.
Sigmund says, "I'm your fate."
You bump into the stone wall.
You feel less confused. Something hits you but does no damage.
Sigmund hits you but does no damage.
You hear some strange, mumbled words.
You are confused.
Sigmund gestures at you while chanting. The magic dart hits you!
You die...

......(#..#
.......#..#
...=$.#..## ...
....[.#...# ...
..+......K#...# ...
..#.......#K@.# ..
..#.......#...##
#.##..#########....#
..#...........@.#.#
###.#.............#.#
................#.#.#
####...........##.#.#
#..#...........#.#
#..#...........#.#
#..#...........#.#
#................#
#.#..#####.......#


You could see Sigmund and a kobold.

Vanquished Creatures
  Ijyb (D:3)
  A gnoll (D:1)
  2 orcs (D:3)
  4 bats
  5 endoplasms
  2 giant cockroaches (D:1)
  2 goblins
  4 hobgoblins
  5 kobolds
  2 quokkas
  4 ball pythons
  2 frilled lizards (D:1)
  4 rats (D:2)
38 creatures vanquished.

Notes
Turn   | Place    | Note
-------+----------+-------------------------------------------
     0 | D:1      | safid the Hill Orc Fighter began the quest for the Orb.
     0 | D:1      | Reached XP level 1. HP: 19/19 MP: 1/1
    18 | D:1      | Reached XP level 2. HP: 3/27 MP: 2/2
   496 | D:1      | Found a faded altar of an unknown god.
   595 | D:1      | Reached XP level 3. HP: 33/33 MP: 3/3
  1673 | D:3      | Found a runed translucent gate.
  1673 | D:3      | Noticed Ijyb
  1735 | D:3      | Killed Ijyb
  1736 | D:3      | Reached XP level 4. HP: 36/40 MP: 4/4
  1843 | D:3      | Noticed JOEMAMA2's ghost (weakling DESu)
  1849 | D:3      | Noticed Sigmund
  1868 | D:3      | HP: 2/40 [something (3)]
  1874 | D:3      | Killed from afar by Sigmund

Illustrated notes

Levels and vault maps discovered:
D:1:      dpeg_arrival_stonehenge_8_columns, layout_basic,
          ebering_ecumenical_altar_rust, chequers_serial_rivers_small_3
D:2:      layout_basic, minmay_misc_feat_plants, minmay_tetromino_i4
D:3:      layout_basic, gammafunk_ghost_split, uniq_ijyb, uniq_sigmund

Skill      XL: |  1  2  3 |
---------------+----------+-----
Axes           | 3 4 |  4.2
Fighting       | 4 |  4.0
Armour         | 4 |  4.0
Shields        | 4 |  4.0

Action                   |  1- 3 |  4- 6 || total
-------------------------+-------+-------++-------
Melee: War axe           |    98 |     6 ||   104
       Unarmed           |     9 |       ||     9
Armor: Scale mail        |    42 |    19 ||    61
       Skin              |     2 |       ||     2
Dodge: Dodged            |    53 |     3 ||    56
Block: Buckler           |    17 |     2 ||    19
